 Dungeon Crawl Stone Soup version 0.29-a0-409-gd843f3a48c (webtiles) character file.

Game seed: 494943631058115405

91 dolemite99 the Twirler (level 4, -1/33 HPs)
             Began as a Demonspawn Gladiator on May 14, 2022.
             Was a Follower of Qazlal.
             Killed from afar by Ijyb (7 damage)
             ... with a bolt of acid
             ... on level 3 of the Dungeon.
             The game lasted 00:03:22 (2606 turns).

dolemite99 the Twirler (Demonspawn Gladiator)       Turns: 2606, Time: 00:03:22

Health: -1/33      AC: 14    Str: 15    XL:     4   Next: 34%
Magic:  4/4        EV:  4    Int:  9    God:    Qazlal [*.....]
Gold:   133        SH:  2    Dex: 16    Spells: 3/3 levels left

rFire   + . .      SeeInvis .   a - +1 quarterstaff
rCold   + . .      Faith    .   (shield currently unavailable)
rNeg    . . .      Spirit   .   n - +0 plate armour
rPois   +          Reflect  .   c - +0 helmet
rElec   +          Harm     .   i - +0 cloak
rCorr   +          Rampage  .   (no gloves)
Will    .....                   (no boots)
Stlth   ..........              (no amulet)
HPRegen 0.11/turn               (no ring)
MPRegen 0.18/turn               (no ring)

@: resistant
A: molten scales 1, magic regeneration
a: Renounce Religion


You were on level 3 of the Dungeon.
You worshipped Qazlal.
Qazlal was aware of your devotion.
You visited 1 branch of the dungeon, and saw 3 of its levels.

You collected 166 gold pieces.
You spent 33 gold pieces at shops.

Inventory:

Hand Weapons
 a - a +1 quarterstaff (weapon)
 m - a +2 vampiric falchion
 o - a +0 club
 q - a +0 dire flail
Missiles
 d - 3 throwing nets
 e - a javelin
 j - 49 stones
 k - a curare-tipped dart (quivered)
Armour
 b - a +0 leather armour
 c - a +0 helmet (worn)
 i - a +0 cloak (worn)
 n - a +0 plate armour (worn)
Jewellery
 h - a ring of resist corrosion
 l - a +6 ring of dexterity
Scrolls
 g - a scroll of amnesia
 s - a scroll of teleportation
Potions
 f - a potion of brilliance {unknown}
 r - a potion of cancellation {unknown}
 t - a potion of curing


   Skills:
 - Level 2.0 Fighting
 * Level 4.3 Staves
 + Level 2.5 Throwing
 - Level 2.6 Dodging


You had 3 spell levels left.
You didn't know any spells.
Your spell library contained the following spells:

 Spells                   Type           Power      Damage    Failure   Level
 Foxfire                  Conj/Fire      0%         2x1d4     100%        1
 Scorch                   Fire           0%         2d5       100%        2
 Sublimation of Blood     Necr           0%         N/A       100%        2
 Wereblood                Tmut           0%         N/A       100%        2
 Conjure Flame            Conj/Fire      0%         6-21      100%        3
 Inner Flame              Hex/Fire       0%         N/A       100%        3
 Flame Wave               Conj/Fire      0%         2d4       100%        4
 Summon Cactus Giant      Summ           0%         N/A       100%        6
 Summon Hydra             Summ           0%         N/A       100%        7


Dungeon Overview and Level Annotations

Branches:
Dungeon (3/15)

Altars:
Qazlal

Shops:
D:1 *

Annotations:
D:3 Ijyb


Innate Abilities, Weirdness & Mutations

You are partially covered in molten scales. (AC +2)
You regenerate magic rapidly.


Message History

Found a stone staircase leading down.
A goblin is nearby!
You throw a curare-tipped dart.
The curare-tipped dart closely misses the goblin.
Found 6 gold pieces.
The goblin hits you but does no damage.
You barely miss the goblin. The goblin hits you with a +0 club.
You hit the goblin.
The goblin is moderately wounded.
The goblin hits you but does no damage. x2
You hit the goblin.
The goblin is severely wounded.
The goblin barely misses you.
You sock the goblin!
You kill the goblin!
Qazlal accepts your kill.
You see here a +0 club.
No target in view!
There is a stone staircase leading down here.
k - 2 curare-tipped darts (gained 1)
You now have 133 gold pieces (gained 6).
An adder comes into view.
The adder hisses angrily.
The adder barely misses you.
You miss the adder. The adder barely misses you.
The adder bites you but does no damage.
You sock the adder!
You kill the adder!
Qazlal accepts your kill.
You see here an adder corpse.
No target in view!
Ijyb the Twisted Goblin comes into view.
She is wielding a +0 dagger and carrying a wand of acid (7).
You throw a curare-tipped dart.
The curare-tipped dart closely misses Ijyb.
Ijyb zaps a wand.
The bolt of acid hits you!
Ijyb is nearby!
Ijyb zaps a wand.
The bolt of acid hits you!
* * * LOW HITPOINT WARNING * * *
You feel protected.
Ijyb zaps a wand.
The bolt of acid hits you! You resist.
You die...

## .. #
######################
........................
..#..#..#..#..#..#..#..#
..(.g..@..°.............
#
..#..#○.#..#..#..#..#..#
........................
# ######################


You could see Ijyb.

Vanquished Creatures
  2 adders
  A worm (D:2)
  3 dart slugs
  3 orcs (D:3)
  7 bats
  3 endoplasms
  2 giant cockroaches
  9 goblins
  7 hobgoblins
  2 jackals (D:2)
  5 ball pythons
  4 frilled lizards
  4 kobolds
  4 rats
56 creatures vanquished.

Notes
Turn   | Place    | Note
-------+----------+-------------------------------------------
     0 | D:1      | dolemite99 the Demonspawn Gladiator began the quest for the
                  | Orb.
     0 | D:1      | Reached XP level 1. HP: 16/16 MP: 1/1
   170 | D:2      | Reached skill level 3 in Staves
   252 | D:2      | Gained mutation: You regenerate magic rapidly. [demonic
                  | ancestry]
   252 | D:2      | Reached XP level 2. HP: 20/22 MP: 2/2
   671 | D:1      | Found Dubbiakh's General Store.
   955 | D:1      | Bought 4 curare-tipped darts for 33 gold pieces
  1036 | D:1      | Gained mutation: You are partially covered in molten
                  | scales. (AC +2) [demonic ancestry]
  1036 | D:1      | Reached XP level 3. HP: 25/27 MP: 3/3
  1777 | D:2      | Reached skill level 4 in Staves
  1813 | D:2      | Found a faded altar of an unknown god.
  1880 | D:2      | Prayed at the altar of an unknown god.
  1880 | D:2      | Became a worshipper of Qazlal Stormbringer
  1880 | D:2      | Reached * piety under Qazlal
  2327 | D:3      | Reached XP level 4. HP: 32/33 MP: 4/4
  2602 | D:3      | Noticed Ijyb
  2606 | D:3      | Killed from afar by Ijyb

Illustrated notes

Levels and vault maps discovered:
D:1:      psy_arrival_radial02, layout_basic, serial_shops, nicolae_diamond_shop
D:2:      layout_loops_ring, shapermc_ecumenical_altar_petra,
          minmay_misc_feat_square
D:3:      minmay_general_purpose_star, layout_loops_ring,
          hangedman_decor_opposing, columned_hall_lemuel, minmay_distorted,
          uniq_ijyb

Skill      XL: |  1  2  3 |
---------------+----------+-----
Staves         | 3 4 |  4.3
Throwing       | 2 |  2.5
Fighting       | |  2.0
Dodging        | |  2.6

Action                   |  1- 3 |  4- 6 || total
-------------------------+-------+-------++-------
Melee: Quarterstaff      |    93 |    24 ||   117
Throw: Dart              |    10 |    10 ||    20
  Use: Scroll            |     6 |       ||     6
       Potion            |       |     1 ||     1
Armor: Leather armour    |    11 |       ||    11
       Plate armour      |    46 |    35 ||    81
Dodge: Dodged            |    46 |    14 ||    60
Block: Other             |     1 |     1 ||     2

Table legend: (Time is in decaauts)
 A = Elapsed time spent in this place.
 B = Non-inter-level travel time spent in this place.
 C = Inter-level travel time spent in this place.
 D = Time resting spent in this place.
 E = Time spent auto-exploring this place.
 F = Levels seen in this place.
 G = Mean time per level.
                   A        B        C        D        E       F      G
               +--------+--------+--------+--------+--------+-----+--------+
         Total |   2617 |   2568 |     49 |    433 |   1512 |   3 |  872.3 |
       Dungeon |   2617 |   2568 |     49 |    433 |   1512 |   3 |  872.3 |
               +--------+--------+--------+--------+--------+-----+--------+

Top non-repeatable levels by time:
     D:1: 1086 daAuts
     D:2: 1075 daAuts
     D:3: 455 daAuts
